 Dungeon Crawl Stone Soup version 0.20.2 (webtiles) character file.

105 Alfie the Shooter (level 4, -4/38 HPs)
             Began as a Minotaur Hunter on Mar 27, 2020.
             Slain by Sigmund
             ... wielding a +0 scythe
              (12 damage)
             ... on level 2 of the Dungeon.
             The game lasted 00:03:32 (926 turns).

Alfie the Shooter (Minotaur Hunter)                  Turns: 926, Time: 00:03:32

Health: -4/38      AC:  3    Str: 17    XL:     4   Next: 54%
Magic:  3/3        EV: 12    Int:  8    God:
Gold:   94         SH:  0    Dex: 11    Spells: 3/3 levels left

rFire    . . .     SeeInvis .   a - +1 shortbow
rCold    . . .     Gourm    .   (shield currently unavailable)
rNeg     . . .     Faith    .   c - +0 leather armour
rPois    .         Spirit   .   (helmet restricted)
rElec    .         Reflect  .   (no cloak)
rCorr    .         Harm     .   (no gloves)
MR       .....                  (no boots)
Stlth    +.........             (no amulet)
Regen    0.2/turn               (no ring)
MPRegen  0.1/turn               (no ring)

@: no status effects
A: retaliatory headbutt, horns 2
a: no special abilities


You were on level 2 of the Dungeon.
You were not hungry.

You visited 1 branch of the dungeon, and saw 2 of its levels.

You collected 94 gold pieces.

Inventory:

Hand Weapons
 a - a +1 shortbow (weapon)
 b - a +0 short sword
Missiles
 d - 18 arrows (quivered)
Armour
 c - a +0 leather armour (worn)
Scrolls
 e - 2 scrolls of amnesia {unknown}
 i - a scroll of identify {unknown}
 j - 3 scrolls of remove curse {unknown}
 n - a scroll of recharging {unknown}
 q - 2 scrolls of blinking {unknown}
Potions
 h - a potion of brilliance {unknown}
 m - 2 potions of flight {unknown}
 o - a potion of heal wounds {unknown}
 p - a potion of degeneration {unknown}
 r - 2 potions of cancellation {unknown}
Comestibles
 f - a bread ration
 g - a royal jelly
 k - a meat ration
 l - a fruit


   Skills:
 + Level 3.3 Fighting
 + Level 0.2 Short Blades
 + Level 5.8 Bows
 + Level 1.0 Armour
 + Level 2.5 Dodging
 + Level 1.1 Stealth


You had 3 spell levels left.
You didn't know any spells.

Dungeon Overview and Level Annotations

Branches:
Dungeon (2/15)

Altars:
Sif Muna

Annotations:
D:2 Sigmund


Innate Abilities, Weirdness & Mutations

You reflexively headbutt those who attack you in melee.
You have a pair of horns on your head.


Message History

The jackal bites you.
* * * LOW HITPOINT WARNING * * *
The jackal bites you but does no damage.
The kobold shouts!
The jackal barely misses you.
The kobold throws a stone.
The stone barely misses you.
Firing (i - inventory):
d - 20 arrows (quivered)
Press: ? - help, Shift-Dir - straight line, f/p - jackal
Aim: a jackal You shoot an arrow.
The arrow hits the jackal.
The jackal is almost dead.
The jackal bites you.
* * * LOW HITPOINT WARNING * * *
Firing (i - inventory):
d - 19 arrows (quivered)
Press: ? - help, Shift-Dir - straight line, f/p - jackal
Aim: a jackal (almost dead)
You shoot an arrow. The arrow hits the jackal.
You kill the jackal!
Something hits you!
You die...

##.........# ...#
###.###### ...
#.##... ...
#.##.#######(#
#.†.......##.#
####.#.>(..#.######.
#.#(.(..((.......
#.......#(######..
....##.(†##.@..K....
###.###†##########K.
#.# #.# #.# #.#
#.#####.# #.......#
#########


You could see 2 kobolds.

Vanquished Creatures
  Terence (D:2)
  3 adders (D:2)
  3 worms (D:2)
  A dart slug (D:1)
  A leopard gecko (D:2)
  2 ball pythons
  3 bats
  4 giant cockroaches
  4 goblins
  2 hobgoblins
  7 jackals
  5 kobolds
  A quokka (D:2)
  A frilled lizard (D:1)
  3 rats (D:1)
41 creatures vanquished.

Notes
Turn   | Place    | Note
-------+----------+-------------------------------------------
     0 | D:1      | Alfie the Minotaur Hunter began the quest for the Orb.
     0 | D:1      | Reached XP level 1. HP: 18/18 MP: 0/0
    37 | D:1      | Reached XP level 2. HP: 13/25 MP: 1/1
   115 | D:1      | Reached skill level 5 in Bows
   607 | D:2      | Reached XP level 3. HP: 30/30 MP: 2/2
   665 | D:2      | Reached skill level 1 in Armour
   694 | D:2      | Found a deep blue altar of Sif Muna.
   734 | D:2      | Reached skill level 1 in Stealth
   748 | D:2      | Noticed Terence
   760 | D:2      | Killed Terence
   760 | D:2      | Reached XP level 4. HP: 21/38 MP: 3/3
   915 | D:2      | Noticed Sigmund
   926 | D:2      | Slain by Sigmund

Skill      XL: |  1  2  3 |
---------------+----------+-----
Bows           | 5 |  5.8
Armour         | 1 |  1.0
Stealth        | 1 |  1.1
Fighting       | 3 |  3.3
Short Blades   | |  0.2
Dodging        | |  2.5

Action                   |  1- 3 |  4- 6 || total
-------------------------+-------+-------++-------
Melee: Short sword       |    15 |       ||    15
       Headbutt          |     1 |       ||     1
 Fire: Shortbow          |    78 |    34 ||   112
Armor: Leather armour    |    17 |     6 ||    23
Dodge: Dodged            |    37 |    17 ||    54
